 Dungeon Crawl Stone Soup version 0.21.0 (webtiles) character file.

243089 inmateoo the Severer (level 19, -1/124 HPs)
             Began as a Gargoyle Fighter on Jan 5, 2018.
             Was the Champion of Okawaru.
             Killed from afar by a deep elf sorcerer (6 damage)
             ... with a bolt of acid
             ... on level 3 of the Elven Halls.
             The game lasted 00:53:37 (32462 turns).

inmateoo the Severer (Gargoyle Fighter)            Turns: 32462, Time: 00:53:37

Health: -1/124     AC: 40    Str: 30    XL:     19   Next: 86%
Magic:  25/25      EV: 14    Int:  4    God:    Okawaru [******]
Gold:   2974       SH: 21    Dex: 14    Spells: 10/26 levels left

rFire    + + .     SeeInvis +   K - +8 war axe of Analysis {holy, rPois rN+ Str+2 Int-3}
rCold    + + +     Gourm    .   F - +2 shield of Resistance {rF+ rC+ MR+}
rNeg     + + .     Faith    .   V - +3 chain mail {rC+}
rPois    ∞         Spirit   .   H - +2 helmet
rElec    +         Reflect  +   i - scarf {rC+ rF+}
rCorr    .         Harm     .   d - +2 pair of gloves {Dex+3}
MR       +++..                  (no boots)
Stlth    ..........             l - +4 amulet of reflection
HPRegen  0.30/turn              u - ring of protection from magic
MPRegen  0.19/turn              v - ring of see invisible

@: drained
A: big wings, icy blue scales 1, agile 1, dopey 1, negative energy resistance 1,
electricity resistance, unbreathing, petrification resistance, rot immunity, AC
+14
}: 1/15 runes: abyssal
a: Fly, Heroism, Finesse, Renounce Religion


You were on level 3 of the Elven Halls.
You worshipped Okawaru.
Okawaru was exalted by your worship.
You were not hungry.

You visited 5 branches of the dungeon, and saw 27 of its levels.
You visited the Abyss 1 time.
You also visited: Ossuary and Volcano.

You collected 3231 gold pieces.
You spent 257 gold pieces at shops.

Inventory:

Hand Weapons
 G - a +4 broad axe of chaos
 J - the +14 obsidian axe {chop, +Fly SInv *Curse}
   (You found it on level 12 of the Dungeon)

   It inflicts extra damage upon your enemies.
   It lets you see invisible.
   It lets you fly.
   It curses itself when equipped.
 K - the +8 war axe of Analysis (weapon) {holy, rPois rN+ Str+2 Int-3}
   (Okawaru gifted it to you on level 2 of the Elven Halls)

   It has been blessed by the Shining One to cause great damage to the undead
   and demons.
   It affects your strength (+2).
   It affects your intelligence (-3).
   It protects you from poison.
   It protects you from negative energy.
Armour
 c - +0 fire dragon scales
 d - a +2 pair of gloves of dexterity (worn)
 i - a scarf of resistance (worn)
 j - a scarf of cloud immunity
 x - a +0 cloak of fire resistance
 F - the +2 shield of Resistance (worn) {rF+ rC+ MR+}
   (You found it on level 9 of the Dungeon)

   It protects you from fire.
   It protects you from cold.
   It affects your resistance to hostile enchantments.
 H - a +2 helmet (worn)
 O - a +0 cloak of magic resistance
 V - a +3 chain mail of cold resistance (worn)
Jewellery
 e - an uncursed ring of protection from fire
 l - a +4 amulet of reflection (around neck)
 u - a ring of protection from magic (left hand)
 v - a ring of see invisible (right hand)
 A - the ring "Kemil" {rCorr Dex+3}
   (You took it off a deep elf annihilator on level 3 of the Elven Halls)

   [ring of resist corrosion]

   It affects your dexterity (+3).
 D - a +3 ring of evasion
 M - an uncursed ring of protection from magic
 N - an uncursed ring of protection from cold
Wands
 k - a wand of polymorph (12)
 y - a wand of iceblast (14)
 L - a wand of enslavement (21)
 R - a wand of acid (8)
 T - a wand of clouds (3)
 U - a wand of paralysis (21)
 X - a wand of disintegration (18)
Scrolls
 b - 10 scrolls of fear
 n - 11 scrolls of teleportation
 o - 3 scrolls of blinking
 q - a scroll of magic mapping
 r - 11 scrolls of remove curse
 s - 3 scrolls of immolation
 C - 2 scrolls of amnesia
 P - a scroll of fog
 S - 3 scrolls of enchant armour
Potions
 a - 3 potions of might
 g - 14 potions of curing
 h - 10 potions of brilliance
 m - a potion of agility
 p - a potion of heal wounds
 t - a potion of haste
 w - 3 potions of ambrosia
 z - 3 potions of magic
 B - 2 potions of mutation
 E - 3 potions of resistance
 I - 2 potions of lignification
 Q - a potion of cancellation
Comestibles
 f - 28 rations


   Skills:
 + Level 15.3(14.6) Fighting
 * Level 18.8(18.1) Axes
 + Level 15.2(14.5) Armour
 + Level 9.1(8.5) Dodging
 + Level 15.2(14.5) Shields
 + Level 4.1(3.6) Spellcasting
 + Level 4.0(3.5) Translocations
 + Level 5.4(4.9) Earth Magic
 - Level 7.4(6.8) Invocations


You had 10 spell levels left.
You knew the following spells:

 Your Spells              Type           Power        Failure   Level  Hunger
a - Passwall              Tmut/Erth      #.........   58%         2    ###....
b - Regeneration          Chrm/Necr      #.........   99%         3    ####...
c - Lee's Rapid Deconstr  Erth           #.........   99%         5    ######.
d - Shroud of Golubria    Chrm/Tloc      #.........   69%         2    ###....
e - Passage of Golubria   Tloc           N/A          97%         4    #####..


Dungeon Overview and Level Annotations

Branches:
Dungeon (15/15)            Temple (1/1) D:4            Lair (6/6) D:10
  Swamp (0/4) Lair:2       Spider (0/4) Lair:2        Slime (0/5) Lair:6
    Orc (2/2) D:10            Elf (3/3) Orc:2        Vaults (0/5) D:13
 Depths (0/5) D:15

Altars:
Ashenzari
Cheibriados
Dithmenos
Elyvilon
Fedhas
Gozag
Hepliaklqana
Kikubaaqudgha
Nemelex Xobeh
Okawaru
Ru
Trog
Vehumet
Xom
Yredelemnul
Zin
The Shining One
Beogh
Jiyva

Shops:
D:12 *   Orc:1 (   Orc:2 (*(:

Portals:
Trove: D:11 (give 6 scrolls of blinking)

Annotations:
D:9 1 runed door
Lair:6 exclusion: 2 oklob plants


Innate Abilities, Weirdness & Mutations

You are resistant to torment.
Your stone body is resilient. (AC +14)
You are immune to poison.
Your large and strong wings let you fly indefinitely.
You resist negative energy. (rN+)
You are resistant to electric shocks. (rElec)
You can survive without breathing.
You are immune to petrification.
You are immune to rotting.
You are partially covered in icy blue scales. (AC +2)
You are agile. (Dex +2)
You are dopey. (Int -2)


Message History

The deep elf sorcerer gestures at you while chanting.
The bolt of acid misses you.
There is an open door, spattered with blood here.
The deep elf sorcerer casts a spell at you.
The sphere of damnation explodes!
The damnation engulfs you!
* * * LOW HITPOINT WARNING * * *
Items here: ( )) [ ÷ an uncursed shortbow; an uncursed dire flail of protection; 27 arrows a leather armour; an elf skeleton You hear rumbling.
You hear a grinding noise.
The deep elf sorcerer gestures at you while chanting.
The sphere of damnation explodes!
The damnation engulfs you!
* * * LOW HITPOINT WARNING * * *
You hear a grinding noise.
You hear rumbling.
You hear a shout!
There is an open door here.
You hear rumbling.
The deep elf sorcerer points at you and mumbles some strange words.
The bolt of acid hits you!
You die...

##.#.2## ##=))([#
#######..e).##
...()(.'))'.#
#########.#).# ###..## ##
##### ##2e###.##### #...#
##.##.....## #...#
##'@.[....## #...#
##.()...<..## ####...#####
#.[..[......#
...........###....)......#
.....8.....'.')....⌠.....#
...........###...........#
####...##### #...........#
#...# ##.........## #...#
##'.......##


You could see a hell beast, a deep elf sorcerer and a deep elf demonologist.

Vanquished Creatures
  Saint Roka (Elf:2)
  Asterion (Elf:1)
  2 deep elf master archers (Elf:3)
  2 deep elf blademasters
  3 tentacled starspawn (Abyss:3)
  A sphinx (Elf:3)
  Gastronok (D:12)
  A daeva (Abyss:3)
  A frost giant (Elf:3)
  An orc warlord (Elf:1)
  4 deep elf sorcerers (Elf:3)
  2 angels (Abyss:3)
  2 entropy weavers (Lair:4)
  2 deep elf demonologists (Elf:3)
  Azrael (Orc:2)
  6 deep elf annihilators (Elf:3)
  3 deep elf death magi (Elf:3)
  6 ettins (Abyss:3)
  Snorg (Lair:6)
  3 deep elf high priests
  4 ogre magi
  3 fire dragons
  3 vault guards (D:13)
  4 catoblepae
  6 hydras
  2 ice dragons (D:9)
  3 centaur warriors (D:15)
  2 death knights
  20 two-headed ogres
  15 death yaks
  28 dancing weapons
  A queen ant (Lair:4)
  Urug (D:12)
  4 thrashing horrors (Abyss:3)
  4 orc high priests
  22 deep elf knights
  2 wretched stars (Abyss:3)
  2 sixfirhies (Abyss:3)
  A shadow wraith (Abyss:3)
  A fire crab (shapeshifter) (Elf:2)
  A spatial maelstrom (Abyss:3)
  5 deep trolls
  A quicksilver dragon simulacrum (Abyss:3)
  A glowing orange brain (D:15)
  2 flayed ghosts (Abyss:3)
  2 unseen horrors
  14 deep elf archers
  A phantasmal warrior (D:12)
  The ghost of Monsterracer the Cleaver, a novice MiBe of Trog (D:6)
  A necromancer (D:13)
  5 orc sorcerers
  8 orc knights
  3 manticores
  A shining eye (shapeshifter) (D:15)
  10 ugly things
  2 cyclopes (Orc:2)
  74 deep elf magi
  6 black mambas
  Maurice (D:10)
  A rust devil (Abyss:3)
  2 torpor snails
  9 elephants
  3 centaur zombies
  2 gargoyles
  2 smoke demons (Abyss:3)
  12 spiny frogs
  15 rime drakes
  An orange demon (Abyss:3)
  6 komodo dragons
  3 kobold demonologists
  2 ancient zymes (Abyss:3)
  4 freezing wraiths
  2 tengu conjurers (D:15)
  A red devil (Volcano)
  An efreet (Abyss:3)
  12 trolls
  A silent spectre (Abyss:3)
  3 meliai
  A polar bear (Lair:4)
  A queen bee (shapeshifter) (Elf:2)
  2 hornets
  15 dream sheep
  11 slime creatures
  11 raiju (Abyss:3)
  11 hippogriffs
  A meliai zombie (D:13)
  5 blink frogs (Lair:5)
  2 air elementals
  3 starcursed masses (Abyss:3)
  4 water elementals
  9 wraiths
  A spriggan (D:7)
  3 vampires (D:12)
  A tarantella (Lair:2)
  3 wyverns
  3 ynoxinuls (Abyss:3)
  56 yaks
  21 humans (D:13)
  2 fire elementals
  A hog (D:13)
  Grum (D:8)
  2 basilisks (D:15)
  9 large abominations (Abyss:3)
  4 vampire mosquitoes (D:15)
  2 hungry ghosts
  A neqoxec (Abyss:3)
  5 steam dragons (Lair:5)
  4 wargs
  27 soldier ants (Lair:4)
  17 water moccasins
  2 acid dragons
  A floating eye (Abyss:3)
  11 porcupines
  Duvessa (D:7)
  4 hell hounds (Orc:2)
  38 orc warriors
  3 sky beasts
  5 black bears
  6 ice beasts
  A necrophage (D:12)
  8 phantoms
  2 eyes of draining (D:11)
  33 ogres
  14 crocodiles
  10 centaurs
  8 wolves
  4 big kobolds
  13 bullfrogs
  An earth elemental (Elf:2)
  6 small abominations
  A wyvern skeleton (D:10)
  Dowan (D:7)
  4 scorpions
  6 killer bees (D:7)
  26 wights
  6 electric eels
  6 howler monkeys
  9 crimson imps
  A bullfrog zombie (D:11)
  A quasit (Abyss:3)
  4 hounds
  20 orc wizards
  3 centaur skeletons
  2 iguanas (Lair:2)
  25 orc priests
  A gnoll shaman (D:4)
  2 jellies
  4 bullfrog skeletons
  25 worker ants
  A hound skeleton (D:8)
  8 mummies (Ossuary)
  Robin (D:3)
  9 adders
  6 gnolls
  4 shadow imps
  A white imp (Abyss:3)
  An ooze (D:1)
  An adder skeleton (D:7)
  5 worms
  A dart slug (D:3)
  13 leopard geckos
  69 orcs
  4 giant cockroaches
  A gnoll zombie (Ossuary)
  20 goblins
  14 hobgoblins
  10 jackals
  8 quokkas
  A ball python (D:1)
  A ball python skeleton (D:5)
  9 bats
  7 frilled lizards
  3 hobgoblin zombies (Ossuary)
  23 kobolds
  3 kobold zombies (Ossuary)
  An orc zombie (Ossuary)
  12 rats
  A crawling corpse (Elf:3)
  2 fungi
  4 plants
  2 starspawn tentacles (Abyss:3)
1196 creatures vanquished.

Vanquished Creatures (collateral kills)
  Kirke (D:13)
  A spiny frog (Lair:6)
  A vampire (D:13)
3 creatures vanquished.

Vanquished Creatures (others)
  A deep elf master archer (Elf:3)
  2 dancing weapons
  4 deep elf archers
  3 deep elf magi
  A cyclops (D:14)
  A rime drake (Lair:5)
  3 humans (D:13)
  2 centaurs
  2 kobolds
  6 fungi
  12 plants
  4 starspawn tentacles (Abyss:3)
41 creatures vanquished.

Grand Total: 1240 creatures vanquished

Notes
Turn   | Place    | Note
-------+----------+-------------------------------------------
     0 | D:1      | inmateoo the Gargoyle Fighter began the quest for the Orb.
     0 | D:1      | Reached XP level 1. HP: 14/14 MP: 1/1
   110 | D:1      | Reached skill level 2 in Axes
   242 | D:1      | Reached XP level 2. HP: 19/19 MP: 2/2
   419 | D:1      | Reached skill level 3 in Axes
   491 | D:1      | Reached XP level 3. HP: 23/23 MP: 3/3
  1128 | D:2      | Reached XP level 4. HP: 28/28 MP: 4/4
  1261 | D:2      | Reached skill level 4 in Axes
  1367 | D:2      | Found a bloodstained altar of Trog.
  1414 | D:2      | Noticed a phantom
  1680 | D:3      | Noticed Robin
  1700 | D:3      | Killed Robin
  1704 | D:3      | Reached XP level 5. HP: 4/32 MP: 5/5
  2062 | D:3      | Reached skill level 5 in Axes
  2590 | D:2      | Killed a phantom
  2590 | D:2      | Reached skill level 6 in Axes
  2590 | D:2      | Reached XP level 6. HP: 23/37 MP: 6/6
  2804 | D:4      | Noticed an ice beast
  2821 | D:4      | Killed an ice beast
  3027 | D:4      | Found a staircase to the Ecumenical Temple.
  3069 | D:4      | Noticed a phantom
  3078 | Temple   | Entered the Ecumenical Temple
  3102 | Temple   | Became a worshipper of Warmaster Okawaru
  3165 | D:4      | Killed a phantom
  3165 | D:4      | Reached XP level 7. HP: 40/41 MP: 7/7
  3296 | D:4      | Reached skill level 7 in Axes
  3443 | D:5      | Entered Level 5 of the Dungeon
  3594 | D:5      | Reached * piety under Okawaru
  3728 | D:5      | Reached skill level 8 in Axes
  3728 | D:5      | Reached XP level 8. HP: 8/46 MP: 8/8
  3737 | D:5      | Found a sand-covered staircase.
  3770 | Ossuary  | Entered an ossuary
  4944 | D:6      | Noticed Monsterracer's ghost (novice MiBe)
  4972 | D:7      | Reached ** piety under Okawaru
  4972 | D:7      | Reached skill level 1 in Invocations
  5166 | D:7      | Noticed a spriggan baker
  5173 | D:7      | Killed a spriggan baker
  5173 | D:7      | Reached skill level 9 in Axes
  5259 | D:7      | Noticed a hippogriff
  5268 | D:7      | Killed a hippogriff
  5335 | D:7      | Noticed Dowan
  5340 | D:7      | Noticed Duvessa
  5344 | D:7      | Reached XP level 9. HP: 29/52 MP: 9/11
  5355 | D:7      | Killed Duvessa
  5355 | D:7      | Reached *** piety under Okawaru
  5364 | D:7      | Killed Dowan
  5889 | D:7      | Reached skill level 5 in Shields
  6084 | D:8      | Reached skill level 5 in Fighting
  6084 | D:8      | Reached skill level 5 in Armour
  6421 | D:8      | Noticed Grum
  6438 | D:8      | Killed Grum
  6438 | D:8      | Reached **** piety under Okawaru
  6441 | D:8      | Reached skill level 10 in Axes
  6667 | D:8      | Reached XP level 10. HP: 60/60 MP: 13/13
  6677 | D:8      | Found a glowing golden altar of the Shining One.
  7253 | D:6      | Reached ***** piety under Okawaru
  7287 | D:6      | Found a sacrificial altar of Ru.
  7351 | D:6      | Found an ancient bone altar of Kikubaaqudgha.
  7411 | D:6      | Found a shattered altar of Ashenzari.
  7504 | D:6      | Killed Monsterracer's ghost
  7504 | D:6      | Reached skill level 5 in Invocations
  7824 | D:6      | Found a sparkling altar of Nemelex Xobeh.
  8081 | D:9      | Noticed an ice dragon
  8082 | D:9      | Noticed a fire dragon
  8082 | D:9      | Found a runed door.
  8083 | D:9      | Found the +2 shield of Resistance {rF+ rC+ MR+}
  8083 | D:9      | Noticed an ice dragon
  8083 | D:9      | Noticed a fire dragon
  8092 | D:9      | Found a runed door.
  8453 | D:9      | Identified the Reference Book on Enchanting Venom
  8617 | D:10     | Entered Level 10 of the Dungeon
  8625 | D:10     | Reached skill level 11 in Axes
  8635 | D:9      | Reached XP level 11. HP: 25/66 MP: 12/15
  8857 | D:9      | Received a gift from Okawaru
  9124 | D:10     | Noticed Maurice
  9163 | D:10     | Killed Maurice
  9469 | D:10     | Noticed a brown ugly thing
  9476 | D:10     | Killed a brown ugly thing
  9693 | D:10     | Found a staircase to the Orcish Mines.
  9730 | D:10     | Noticed a two-headed ogre
  9737 | D:10     | Killed a two-headed ogre
  9873 | D:10     | Found a staircase to the Lair.
 10172 | D:11     | Got a warped leather armour
 10685 | D:11     | Noticed a green ugly thing
 10689 | D:11     | Reached skill level 12 in Axes
 10699 | D:11     | Killed a green ugly thing
 10699 | D:11     | Received a gift from Okawaru
 10699 | D:11     | Reached XP level 12. HP: 58/74 MP: 0/17
 10727 | D:11     | Got a tiger eye-encrusted leather armour
 10869 | D:11     | Found a portal to a secret trove of treasure.
 11029 | D:12     | Noticed Gastronok
 11692 | D:12     | Found Qaruwo's Assorted Antiques.
 11711 | D:12     | Bought a scroll of identify for 58 gold pieces
 11711 | D:12     | Bought a scroll labeled GAKUGEBRIHEL for 29 gold pieces
 12473 | D:12     | Killed Gastronok
 12487 | D:12     | Reached skill level 13 in Axes
 12837 | D:12     | Found the cursed +14 obsidian axe {chop, +Fly SInv *Curse}
 12910 | D:12     | Noticed Urug
 12928 | D:12     | Killed Urug
 13065 | D:13     | Found a white marble altar of Elyvilon.
 13076 | D:13     | Noticed a seven-headed hydra
 13086 | D:13     | Killed a 13-headed hydra
 13086 | D:13     | Reached XP level 13. HP: 65/80 MP: 18/18
 13202 | D:9      | Killed an ice dragon
 13209 | D:9      | Killed a fire dragon
 13211 | D:9      | Killed an ice dragon
 13211 | D:9      | Reached ****** piety under Okawaru
 13211 | D:9      | Received a gift from Okawaru
 13225 | D:9      | Killed a fire dragon
 13509 | D:13     | Reached skill level 10 in Armour
 13588 | D:13     | Reached skill level 10 in Shields
 13593 | D:13     | Reached skill level 10 in Fighting
 13859 | D:13     | Noticed Kirke
 13916 | D:13     | Killed Kirke
 14204 | D:13     | Received a gift from Okawaru
 14211 | D:13     | Reached skill level 14 in Axes
 14237 | D:13     | Found a gate to the Vaults.
 14237 | D:13     | Noticed a vault guard
 14237 | D:13     | Noticed a vault guard
 14237 | D:13     | Noticed a vault guard
 14252 | D:13     | Killed a vault guard
 14253 | D:13     | Killed a vault guard
 14256 | D:13     | Killed a vault guard
 14589 | D:14     | Gained mutation: Your large and strong wings let you fly indefinitely. [Gargoyle growth]
 14589 | D:14     | Reached XP level 14. HP: 87/88 MP: 19/19
 15441 | D:14     | Reached skill level 1 in Dodging
 15500 | D:15     | Entered Level 15 of the Dungeon
 15573 | D:15     | Got a pitted war axe
 15574 | D:15     | Identified the +4 war axe "Qoametoma" {chop, rElec} (You found it on level 15 of the Dungeon)
 15847 | D:15     | Received a gift from Okawaru
 15860 | D:15     | Got a crude hand axe {god gift}
 15863 | D:15     | Identified the +2 hand axe of Tenacity {chop, Str+4 Dex+3} (Okawaru gifted it to you on level 15 of the Dungeon)
 16103 | D:15     | Reached skill level 15 in Axes
 16581 | D:15     | Received a gift from Okawaru
 16698 | D:15     | Got a shimmering battleaxe {god gift}
 16920 | D:15     | Found a staircase to the Depths.
 16933 | D:15     | Gained mutation: Potions are less effective at restoring your health. [a shining eye]
 16946 | D:15     | Lost mutation: Potions are less effective at restoring your health. [potion of mutation]
 16946 | D:15     | Gained mutation: You are partially covered in icy blue scales. (AC +2) [potion of mutation]
 16946 | D:15     | Gained mutation: You are agile. (Dex +2) [potion of mutation]
 17251 | Lair:1   | Entered Level 1 of the Lair of Beasts
 17503 | Lair:1   | Reached XP level 15. HP: 96/96 MP: 20/20
 17543 | Lair:1   | Found a shattered altar of Ashenzari.
 18280 | Lair:2   | Found a hole to the Spider Nest.
 18404 | Lair:2   | Found a staircase to the Swamp.
 18412 | Lair:2   | Received a gift from Okawaru
 20638 | Lair:4   | Received a gift from Okawaru
 21300 | Lair:4   | Learned a level 2 spell: Passwall
 21304 | Lair:4   | Learned a level 3 spell: Regeneration
 21310 | Lair:4   | Learned a level 5 spell: Lee's Rapid Deconstruction
 21313 | Lair:4   | Learned a level 2 spell: Shroud of Golubria
 21316 | Lair:4   | Identified the +1 leather armour "Bisoi" {rElec MR+ rCorr Str+4 Int-3} (You took it off a wight on level 11 of the Dungeon)
 21725 | Lair:5   | Reached skill level 16 in Axes
 22224 | Lair:5   | Reached skill level 5 in Dodging
 22321 | Lair:5   | Received a gift from Okawaru
 22377 | Lair:5   | Reached XP level 16. HP: 100/103 MP: 21/21
 22605 | Lair:6   | Entered Level 6 of the Lair of Beasts
 22750 | Lair:6   | Noticed Snorg
 22765 | Lair:6   | Killed Snorg
 22828 | Lair:6   | Identified the +6 battleaxe of Action {chop, rElec rPois} (Okawaru gifted it to you on level 15 of the Dungeon)
 23107 | Lair:6   | Found a viscous altar of Jiyva.
 23108 | Lair:6   | Found a staircase to the Slime Pits.
 23252 | Lair:6   | Received a gift from Okawaru
 24043 | Orc:1    | Entered Level 1 of the Orcish Mines
 24295 | Orc:1    | Found Ykathroq's Antique Weapon Shoppe.
 24420 | Orc:2    | Entered Level 2 of the Orcish Mines
 24464 | Orc:2    | Received a gift from Okawaru
 24476 | Orc:2    | Noticed Azrael
 24512 | Orc:2    | Killed Azrael
 24552 | Orc:2    | Reached skill level 17 in Axes
 24559 | Orc:2    | Found Poumnine's Book Shop.
 24567 | Orc:2    | Reached XP level 17. HP: 76/109 MP: 19/22
 24626 | Orc:2    | Found Xeneuh Nogoa's Antique Weapon Shoppe.
 24633 | Orc:2    | Found a staircase to the Elven Halls.
 24634 | Orc:2    | Found Eghykler's General Store.
 24635 | Orc:2    | Found Daneneus's Antique Weapon Shop.
 24643 | Orc:2    | Bought a potion of resistance for 170 gold pieces
 24689 | Orc:2    | Found a roughly hewn altar of Beogh.
 24929 | Orc:2    | Found a dark tunnel.
 24934 | Volcano  | Entered a volcano
 25187 | Elf:1    | Entered Level 1 of the Elven Halls
 25354 | Elf:1    | Learned a level 3 spell: Spectral Weapon
 25956 | Elf:1    | Received a gift from Okawaru
 26085 | Elf:1    | Noticed Asterion
 26112 | Elf:1    | Killed Asterion
 26215 | Elf:1    | Got a jewelled shield
 26230 | Elf:1    | Identified the cursed +0 shield of Truth {Int+2} (You took it off Asterion on level 1 of the Elven Halls)
 26831 | Elf:2    | Found a runed gate.
 26831 | Elf:2    | Found a runed gate.
 26832 | Elf:2    | Found a runed gate.
 27189 | Elf:2    | Noticed Saint Roka
 27220 | Elf:2    | Killed Saint Roka
 27549 | Elf:2    | Identified the +1 leather armour of Monotheism {rC+ rN++} (You found it on level 11 of the Dungeon)
 27583 | Elf:2    | Received a gift from Okawaru
 27612 | Elf:2    | Found a radiant altar of Vehumet.
 27621 | Elf:2    | Got an ancient war axe {god gift}
 27622 | Elf:2    | Identified the +8 war axe of Analysis {holy, rPois rN+ Str+2 Int-3} (Okawaru gifted it to you on level 2 of the Elven Halls)
 27860 | Elf:2    | Reached XP level 18. HP: 116/116 MP: 23/23
 28204 | Elf:2    | Received a gift from Okawaru
 28360 | Elf:2    | Noticed a deep elf blademaster
 28370 | Elf:2    | Reached skill level 18 in Axes
 28373 | Elf:2    | Killed a deep elf blademaster
 28783 | Elf:3    | Entered Level 3 of the Elven Halls
 29120 | Elf:3    | Identified the Almanac of Dusty Translocation
 29134 | Elf:3    | Learned a level 4 spell: Passage of Golubria
 29203 | Elf:3    | Noticed a deep elf master archer
 29236 | Elf:3    | Killed a deep elf master archer
 29236 | Elf:3    | Reached skill level 1 in Earth Magic
 29263 | Elf:3    | Reached skill level 1 in Spellcasting
 29269 | Elf:3    | Reached skill level 1 in Translocations
 30288 | Elf:3    | Reached XP level 19. HP: 105/123 MP: 24/24
 30575 | Elf:3    | Got a twitching steel ring
 30601 | Elf:3    | Received a gift from Okawaru
 30621 | Elf:3    | Identified the ring "Kemil" {rCorr Dex+3} (You took it off a deep elf annihilator on level 3 of the Elven Halls)
 30625 | Elf:3    | Got a translucent large shield {god gift}
 30636 | Elf:3    | Identified the -3 large shield of Ledill {Int+6} (Okawaru gifted it to you on level 3 of the Elven Halls)
 30689 | Elf:3    | Cast into level 3 of the Abyss (deep elf blademaster)
 30918 | Abyss:3  | Reached skill level 15 in Fighting
 31106 | Abyss:3  | Reached skill level 15 in Armour
 31255 | Abyss:3  | Reached skill level 15 in Shields
 31345 | Abyss:3  | Got an abyssal rune of Zot
 31450 | Abyss:3  | Reached skill level 5 in Earth Magic
 31456 | Elf:3    | Escaped the Abyss
 31866 | Elf:3    | Noticed a Tzitzimitl
 31870 | Elf:3    | Noticed an Ice Fiend
 31871 | Elf:3    | Noticed a Tzitzimitl
 32399 | Elf:3    | Received a gift from Okawaru
 32453 | Elf:3    | Gained mutation: You are dopey. (Int -2) [a cacodemon]
 32461 | Elf:3    | HP: 4/124 [deep elf sorcerer/damnation (25)]
 32462 | Elf:3    | Killed from afar by a deep elf sorcerer

Skill      XL: |  1  2  3  4  5  6  7  8  9 10 11 12 13 14 15 16 17 18 19 |
---------------+----------------------------------------------------------+-----
Axes           | 2 3 4 6 8 9 10 11 12 13 14 15 16 17 18 | 18.8
Invocations    | 2 4 5 7 |  7.4
Fighting       | 4 5 6 8 9 10 11 12 13 14 15 | 15.3
Armour         | 4 5 6 8 9 10 11 12 13 14 15 | 15.2
Shields        | 4 5 7 8 9 10 11 12 13 14 15 | 15.2
Dodging        | 3 5 6 7 8 9 |  9.1
Earth Magic    | 3 5 |  5.4
Spellcasting   | 2 4 |  4.1
Translocations | 2 4 |  4.0

Action                   |  1- 3 |  4- 6 |  7- 9 | 10-12 | 13-15 | 16-18 | 19-21 || total
-------------------------+-------+-------+-------+-------+-------+-------+-------++-------
Melee: War axe           |   138 |   261 |   390 |   730 |  1053 |  1365 |   405 ||  4342
       Broad axe         |       |       |       |     6 |    57 |    10 |       ||    73
       Morningstar       |       |       |       |       |    11 |       |       ||    11
Invok: Heroism           |       |       |       |     8 |    12 |    22 |     6 ||    48
       Finesse           |       |       |       |       |     3 |     2 |     1 ||     6
 Abil: Fly               |       |       |       |       |       |     1 |     1 ||     2
       Stop Flying       |       |       |       |       |       |     1 |     1 ||     2
Evoke: Wand              |       |       |       |       |       |     4 |     1 ||     5
  Use: Potion            |       |     1 |       |     3 |     4 |     3 |     3 ||    14
       Scroll            |       |       |       |    23 |    18 |     8 |     3 ||    52
 Stab: Distracted        |       |       |       |       |       |     2 |     1 ||     3
  Eat: Chunk             |     1 |     7 |     5 |    22 |    21 |     6 |     2 ||    64
       Ration            |       |       |     2 |     1 |     3 |     6 |     2 ||    14
Armor: Scale mail        |    61 |    58 |       |   270 |   355 |   212 |       ||   956
       Chain mail        |       |    79 |   228 |    80 |       |   137 |    72 ||   596
Dodge: Dodged            |    30 |    62 |    80 |   126 |   307 |   368 |    86 ||  1059
Block: Shield            |    96 |   211 |   301 |   510 |   924 |  1015 |   278 ||  3335
       Reflection        |       |     2 |     2 |    18 |    21 |   100 |    19 ||   162
